 Dungeon Crawl Stone Soup version 0.27-a0-1060-gcb85b5eba1 (webtiles) character file.

Game seed: 17460590564550536513

2052 wakim the Martial Artist (level 9, -3/61 HPs)
             Began as an Octopode Transmuter on Apr 20, 2021.
             Was a Follower of Kikubaaqudgha.
             Slain by a centaur
             ... wielding a +0 quarterstaff
              (14 damage)
             ... on level 7 of the Dungeon on Apr 21, 2021.
             The game lasted 00:22:06 (10033 turns).

wakim the Martial Artist (Octopode Transmuter)     Turns: 10033, Time: 00:22:06

Health: -3/61      AC:  2    Str: 10    XL:     9   Next: 25%
Magic:  0/12       EV: 21    Int: 18    God:    Kikubaaqudgha [*.....]
Gold:   300        SH:  0    Dex: 17    Spells: 6/12 levels left

rFire    . . .     SeeInvis .     - Unarmed
rCold    . . .     Faith    .   (shield currently unavailable)
rNeg     . . .     Spirit   +   (helmet currently unavailable)
rPois    x         Reflect  .   d - amulet of guardian spirit
rElec    .         Harm     .   k - ring of flight
rCorr    .         Rampage  .   (no ring)
Will     .....                  (no ring)
Stlth    +++.......             (no ring)
HPRegen  0.20/turn              (no ring)
MPRegen  0.13/turn              (no ring)
                                (no ring)
                                (no ring)

@: spider-form, flying
A: venomous fangs, almost no armour, (amphibious), 8 rings, tiny, (camouflage
1), (gelatinous body 1), (nimble swimmer 1), (tentacles)
a: End Transformation, Renounce Religion, Receive Corpses


You were on level 7 of the Dungeon.
You worshipped Kikubaaqudgha.
Kikubaaqudgha was aware of your devotion.
You were a venomous arachnid creature.
You visited 1 branch of the dungeon, and saw 7 of its levels.

You collected 300 gold pieces.

Inventory:

Missiles
 c - 43 sling bullets
Armour
 i - a +0 tower shield
Jewellery
 a - a ring of fire
 d - an amulet of guardian spirit (around neck)
 f - a ring of fire
 k - a ring of flight (left front leg)
Wands
 w - a wand of acid (4)
 x - a wand of charming (9)
Potions
 b - a potion of haste {unknown}
 e - a potion of invisibility {unknown}
 g - 2 potions of brilliance {unknown}
 h - a potion of might {unknown}
 j - a potion of degeneration {unknown}
 l - 2 potions of flight {unknown}
 m - a potion of lignification {unknown}
 n - a potion of attraction {unknown}
 O - 2 potions of resistance


   Skills:
 + Level 5.4 Fighting
 - Level 4.0 Dodging
 - Level 5.0 Stealth
 * Level 8.3 Unarmed Combat
 - Level 2.0 Spellcasting
 + Level 5.3 Transmutations


You had 6 spell levels left.
You knew the following spells:

 Your Spells              Type           Power      Damage    Failure   Level
a - Beastly Appendage     Tmut           42%        N/A       8%          1
d - Corpse Rot            Necr/Air       N/A        N/A       47%         2
x - Spider Form           Tmut/Pois      5%         N/A       38%         3

Your spell library contained the following spells:

 Spells                   Type           Power      Damage    Failure   Level
 Wereblood                Tmut           21%        N/A       11%         2
 Animate Skeleton         Necr           2%         N/A       38%         1
 Corona                   Hex            1%         N/A       38%         1
 Freeze                   Ice            4%         1d3       38%         1
 Pain                     Necr           4%         1d4       38%         1
 Summon Small Mammal      Summ           4%         N/A       38%         1
 Call Imp                 Summ           1%         N/A       47%         2
 Ensorcelled Hibernation  Hex/Ice        2%         N/A       47%         2
 Sublimation of Blood     Necr           0%         N/A       47%         2
 Call Canine Familiar     Summ           1%         N/A       69%         3
 Confusing Touch          Hex            1%         N/A       69%         3
 Dazzling Flash           Conj/Hex       2%         N/A       69%         3
 Frozen Ramparts          Ice            2%         1d2       69%         3
 Ozocubu's Armour         Ice            1%         N/A       69%         3
 Summon Guardian Golem    Hex/Summ       1%         N/A       69%         3
 Tukima's Dance           Hex            1%         N/A       69%         3
 Vampiric Draining        Necr           0%         2d6       69%         3
 Hydra Form               Tmut           10%        N/A       71%         5
 Ice Form                 Ice/Tmut       11%        N/A       73%         4
 Animate Dead             Necr           0%         N/A       96%         4
 Hailstorm                Conj/Ice       1%         3d3       96%         4
 Summon Ice Beast         Ice/Summ       1%         N/A       96%         4
 Summon Lightning Spire   Summ/Air       1%         N/A       96%         4
 Agony                    Necr           1%         N/A       100%        5
 Metabolic Englaciation   Hex/Ice        0%         N/A       100%        5


Dungeon Overview and Level Annotations

Branches:
Dungeon (7/15)
 Temple: D:4-7

Altars:
Kikubaaqudgha
Okawaru
The Shining One

Shops:
D:4 [


Innate Abilities, Weirdness & Mutations

You are a venomous arachnid creature.
You have poisonous fangs.
You are tiny and dextrous.
Your spellcasting is less reliable in this form.
Your armour is entirely melded.
You are incapable of wielding weapons or throwing items.
You cannot wear most types of armour.
((You are amphibious.))
You can wear up to eight rings at the same time.
((Your skin changes colour to match your surroundings (Stealth+).))
((Your rubbery body absorbs attacks. (AC +1, EV +1)))
((You are camouflaged near water. (Stealth+)))
((You have tentacles for arms and can constrict up to eight enemies at once.))


Message History

The orc wizard misses you. The orc closely misses you.
You bite the orc!
You kill the orc!
Kikubaaqudgha accepts your kill. The orc wizard completely misses you.
You hit the orc wizard.
The orc wizard looks as sick as possible!
The orc wizard is almost dead.
You kill the orc wizard!
Kikubaaqudgha accepts your kill.
A centaur comes into view. It is wielding a +0 quarterstaff.
A centaur is nearby!
Your transformation is almost over.
A centaur is nearby!
Your transformation has ended.
The centaur shouts!
The centaur unwields a +0 quarterstaff.
The centaur wields a +0 shortbow.
The centaur shoots an arrow.
The arrow hits you!
The centaur shoots an arrow.
The arrow hits you!
The centaur shoots an arrow.
The arrow hits you!
* * * LOW HITPOINT WARNING * * *
The centaur shoots an arrow.
The arrow hits you!
* * * LOW HITPOINT WARNING * * *
The centaur unwields a +0 shortbow.
The centaur wields a +0 quarterstaff.
The centaur barely misses you. The centaur misses you.
Casting: Spider Form (dangerous; 19% risk of failure)
Confirm with . or Enter, or press ? or * to list all spells.
You turn into a venomous arachnid creature.
The centaur barely misses you. The centaur kicks you.
* * * LOW HITPOINT WARNING * * *
The centaur closely misses you. The centaur kicks you.
* * * LOW HITPOINT WARNING * * *
You bite the centaur!
The centaur is poisoned.
The centaur is heavily wounded.
The centaur completely misses you. The centaur barely misses you.
You bite the centaur!
The centaur looks as sick as possible!
The centaur is almost dead.
The centaur hits you with a +0 quarterstaff!
You die...
Kikubaaqudgha rasps: "You have failed me!
Welcome... death!"

..... #######.... .
#......#..# .# .
#......#..###.#....
#......#.............?
#............##.......
##.....................
#....cs................
#..#...................
#>..............##..
......................
#.#..(.........).#.#
#.#.........).##.#.# #
#.........).##...#
####........###.†##
###...#### #...##


You could see a centaur (extremely poisoned).

Vanquished Creatures
  Sigmund (D:3)
  Eustachio (D:5)
  A black bear (D:6)
  A sky beast (D:6)
  An ogre (D:5)
  2 bullfrogs
  A water moccasin zombie (D:6)
  3 scorpions
  A wyvern skeleton (D:5)
  5 wights
  4 vampire bats (D:3)
  3 hounds
  2 orc priests
  A centaur skeleton (D:4)
  A centaur zombie (D:6)
  2 jellies (D:6)
  Jessica (D:2)
  Ijyb (D:3)
  An iguana (D:2)
  Natasha (twice) (D:3)
  4 orc wizards
  2 hound skeletons
  4 gnolls (D:3)
  2 adders
  A white imp (D:6)
  A worm (D:3)
  2 dart slugs
  20 orcs
  6 ball pythons
  15 bats
  5 endoplasms
  6 giant cockroaches
  5 goblins
  6 hobgoblins
  10 jackals
  5 quokkas
  4 frilled lizards
  6 kobolds
  7 rats
146 creatures vanquished.

Notes
Turn   | Place    | Note
-------+----------+-------------------------------------------
     0 | D:1      | wakim the Octopode Transmuter began the quest for the Orb.
     0 | D:1      | Reached XP level 1. HP: 13/13 MP: 3/3
    43 | D:1      | Reached skill level 1 in Stealth
    46 | D:1      | Reached XP level 2. HP: 9/18 MP: 5/5
   587 | D:1      | Reached XP level 3. HP: 23/23 MP: 6/6
   692 | D:1      | Found a faded altar of an unknown god.
  1420 | D:2      | Reached XP level 4. HP: 4/29 MP: 2/7
  1942 | D:2      | Found a glowing golden altar of the Shining One.
  2234 | D:2      | Noticed Jessica
  2269 | D:2      | Killed Jessica
  2270 | D:2      | Reached skill level 4 in Unarmed Combat
  2302 | D:2      | Reached XP level 5. HP: 25/34 MP: 6/8
  2679 | D:3      | Noticed Sigmund
  2815 | D:3      | Learned a level 3 spell: Spider Form
  3103 | D:3      | Noticed Natasha
  3596 | D:3      | Reached XP level 6. HP: 41/41 MP: 7/9
  3631 | D:3      | Noticed Ijyb
  3794 | D:3      | Reached skill level 5 in Unarmed Combat
  4671 | D:4      | Reached XP level 7. HP: 38/46 MP: 8/10
  4808 | D:4      | Found Neqit's Armour Shoppe.
  4947 | D:5      | Entered Level 5 of the Dungeon
  4961 | D:5      | Noticed Eustachio
  5216 | D:5      | Killed Eustachio
  5424 | D:5      | Reached skill level 6 in Unarmed Combat
  5948 | D:3      | Killed Natasha
  6029 | D:1      | Became a worshipper of Kikubaaqudgha
  6029 | D:1      | Reached * piety under Kikubaaqudgha
  6029 | D:1      | Identified Kikubaaqudgha's Papyrus of Evil Rites
                  | (Kikubaaqudgha gifted it to you on level 1 of the Dungeon)
  6029 | D:1      | Received a gift from Kikubaaqudgha
  6085 | D:1      | Found an iron altar of Okawaru.
  6532 | D:3      | Noticed Natasha
  6542 | D:3      | Killed Natasha
  6661 | D:3      | Killed Ijyb
  6968 | D:3      | Killed Sigmund
  6969 | D:3      | Reached XP level 8. HP: 48/54 MP: 7/11
  7635 | D:5      | Reached skill level 5 in Stealth
  7789 | D:5      | Upgraded the game from 0.27-a0-1049-g450f9b2e0d to
                  | 0.27-a0-1060-gcb85b5eba1
  8083 | D:6      | Reached skill level 7 in Unarmed Combat
  8437 | D:6      | Learned a level 2 spell: Corpse Rot
  8897 | D:5      | Reached XP level 9. HP: 12/59 MP: 3/12
  9442 | D:6      | Reached skill level 5 in Fighting
  9442 | D:6      | Reached skill level 5 in Transmutations
  9501 | D:6      | Reached skill level 8 in Unarmed Combat
 10033 | D:7      | Slain by a centaur

Illustrated notes

Levels and vault maps discovered:
D:1:      dpeg_arrival_lava_altar, layout_basic,
          shapermc_ecumenical_altar_mp_ritualfount,
          amcnicky_mini_rare_corridor_liquid
D:2:      layout_rooms, basic_altar, chequers_avenue, minmay_distorted,
          uniq_jessica
D:3:      layout_loops_ring, st_stairs_8, minmay_misc_feat_room,
          roderic_batcave, uniq_ijyb, uniq_natasha, uniq_sigmund
D:4:      layout_basic, grunt_ministairs_6, minmay_shop_grid_forest
D:5:      layout_gridville, minivault_26, uniq_eustachio
D:6:      layout_rooms, minivault_26, grunt_ministairs_6, minivault_27,
          hangedman_decor_lopped
D:7:      layout_rooms, minmay_temple_entry_offerings, kennysheep_generic_room_6

Skill      XL: |  1  2  3  4  5  6  7  8  9 |
---------------+----------------------------+-----
Stealth        | 1 2 3 4 5 |  5.0
Fighting       | 2 3 4 5 |  5.4
Unarmed Combat | 4 5 6 7 8 |  8.3
Dodging        | 3 4 |  4.0
Transmutations | 3 4 5 |  5.3
Spellcasting   | |  2.0

Action                   |  1- 3 |  4- 6 |  7- 9 || total
-------------------------+-------+-------+-------++-------
Melee: Unarmed           |    84 |   147 |   200 ||   431
       Constrict         |    24 |    36 |    16 ||    76
       Kick              |    15 |    29 |    15 ||    59
       Tentacles         |     8 |    23 |     9 ||    40
       Punch             |     3 |     2 |     2 ||     7
 Cast: Beastly Appendage |    19 |    28 |    10 ||    57
       Spider Form       |       |     1 |    22 ||    23
Evoke: Wand              |       |       |     1 ||     1
  Use: Scroll            |     4 |     3 |     2 ||     9
       Potion            |       |       |     2 ||     2
 Stab: Sleeping          |     4 |     7 |     3 ||    14
       Distracted        |       |     1 |       ||     1
Armor: Skin              |     6 |    16 |     7 ||    29
Dodge: Dodged            |    38 |   113 |   154 ||   305

Table legend: (Time is in decaauts)
 A = Elapsed time spent in this place.
 B = Non-inter-level travel time spent in this place.
 C = Inter-level travel time spent in this place.
 D = Time resting spent in this place.
 E = Time spent auto-exploring this place.
 F = Levels seen in this place.
 G = Mean time per level.
                   A        B        C        D        E       F      G
               +--------+--------+--------+--------+--------+-----+--------+
         Total |  10005 |   8983 |   1022 |   1348 |   6143 |   7 | 1429.3 |
       Dungeon |  10005 |   8983 |   1022 |   1348 |   6143 |   7 | 1429.3 |
               +--------+--------+--------+--------+--------+-----+--------+

Top non-repeatable levels by time:
     D:3: 2207 daAuts
     D:5: 2173 daAuts
     D:1: 1868 daAuts
     D:2: 1381 daAuts
     D:6: 1238 daAuts
     D:4: 1086 daAuts
     D:7: 49 daAuts
